Map: Orbital Shipyard

Players

Skimpy

  • Race: Zerg Zerg
  • League: Diamond

ignite - Winner!

  • Race: Terran Terran
  • League: Master

VOD

Have the link to the VOD?

Description

Time

  • Played on: Feb. 17, 2016, 3:36 p.m.
  • Length: 17:26
Show
View Real Time Build Order
Export as new Build Order

Skimpy Zerg 

Build Orders: Hatch First, Muta Ling Bane 

Get SALT Encoding   

  12  0:01  Drone  
  13  0:12  Overlord  
  13  0:17  Drone  
  14  0:30  Drone x2  
  14  0:34  Drone  
  17  0:51  Hatchery  
  17  0:55  Drone  
  17  0:57  Drone  
  17  0:59  Extractor  
  17  1:13  Spawning Pool  
  17  1:16  Drone  
  17  1:21  Drone  
  18  1:31  Drone  
  19  1:39  Overlord  
  19  1:50  Drone  
  20  2:00  Drone  
  21  2:03  Queen x2  
  21  2:05  Zergling x2  
  26  2:11  Drone  
  27  2:16  Metabolic Boost  
  27  2:18  Drone  
  27  2:22  Drone  
  29  2:27  Drone  
  30  2:33  Drone  
  31  2:38  Zergling x2  
  31  2:48  Queen  
  33  2:53  Overlord  
  33  2:58  Drone x2  
  34  3:11  Drone x3  
  34  3:12  Drone x3  
  40  3:22  Hatchery  
  39  3:28  Drone x5  
  39  3:31  Extractor  
  39  3:33  Extractor  
  39  3:34  Lair  
  42  3:39  Zergling x4  
  42  3:41  Overlord  
  44  3:56  Overlord  
  44  4:09  Drone x2  
  46  4:11  Overlord x2  
  46  4:13  Drone x2  
  48  4:17  Zergling x2  
  48  4:20  Spore Crawler  
  48  4:21  Spore Crawler  
  48  4:22  Drone  
  48  4:27  Zergling x2  
  49  4:41  Zergling x10  
  49  4:44  Pneumatized Carapace  
  54  4:47  Extractor, Drone, Spire  
  54  4:48  Drone x2  
  55  5:01  Evolution Chamber  
  55  5:03  Drone x2, Evolution Chamber  
  55  5:04  Drone  
  55  5:06  Drone x2, Baneling Nest  
  56  5:22  Drone x4  
  56  5:28  Hatchery  
  59  5:35  Drone  
  59  5:36  Drone x2  
  62  5:46  Drone x7  
  62  5:47  Drone  
  70  5:54  Drone x2  
  72  5:57  Overlord  
  72  5:59  Zerg Melee Weapons Level 1, Zerg Ground Armor Level 1  
  72  6:01  Centrifical Hooks  
  72  6:04  Extractor  
  72  6:05  Extractor  
  72  6:06  Zerg Flyer Weapons Level 1  
  70  6:13  Drone x3  
  70  6:14  Drone x3  
  70  6:16  Drone  
  77  6:28  Mutalisk  
  77  6:29  Mutalisk x4  
  77  6:31  Mutalisk  
  89  6:34  Overseer  
  89  6:53  Overlord x3  
  89  6:54  Mutalisk x3  
  89  6:59  Overlord x2  
  95  7:11  Queen x2  
  95  7:13  Mutalisk x3  
  105  7:19  Mutalisk  
  107  7:23  Zergling x2  
  107  7:24  Zergling x14  
  115  7:33  Hatchery  
  114  7:42  Zergling x20  
  114  7:44  Baneling x5  
  124  7:48  Baneling x7  
  124  7:50  Zergling x8  
  126  8:04  Overlord x5  
  126  8:10  Mutalisk x3  
  132  8:14  Drone x2  
  134  8:21  Zerg Ground Armor Level 2  
  134  8:22  Zerg Melee Weapons Level 2  
  134  8:27  Drone x3  
  134  8:28  Drone x2  
  134  8:34  Mutalisk x2  
  143  8:47  Mutalisk x2  
  147  8:54  Zergling x2  
  147  8:55  Zergling x16  
  156  9:07  Mutalisk x3  
  160  9:13  Extractor  
  160  9:15  Extractor  
  158  9:17  Drone x3, Spine Crawler  
  158  9:18  Drone x3, Spine Crawler  
  158  9:19  Drone x3, Spine Crawler x2  
  163  9:36  Overseer x3  
  161  9:51  Baneling  
  161  9:52  Baneling x13  
  112  10:29  Zergling x2  
  112  10:30  Zergling x34  
  128  10:39  Queen  
  130  10:45  Mutalisk x4, Infestation Pit  
  137  10:51  Baneling  
  137  10:52  Baneling x19  
  137  10:53  Baneling x5  
  137  10:54  Zergling x8  
  141  11:14  Zergling x12  
  141  11:15  Zergling x12  
  153  11:26  Hive  
  153  11:35  Zergling x14  
  160  11:46  Hatchery  
  159  11:51  Hatchery  
  158  11:58  Mutalisk x2  
  160  12:03  Extractor  
  160  12:04  Extractor  
  158  12:11  Zergling x4  
  158  12:14  Overlord x6  
  153  12:43  Mutalisk x3  
  153  12:44  Mutalisk x6  
  160  13:06  Ultralisk Cavern  
  160  13:07  Zergling x22  
  160  13:08  Zergling x2  
  160  13:12  Baneling  
  171  13:13  Baneling x18  
  169  13:22  Mutalisk x4  
  169  13:24  Hatchery  
  167  13:46  Zerg Flyer Weapons Level 2  
  167  14:00  Burrow  
  167  14:03  Chitinous Plating  
  166  14:27  Ultralisk x3  
  166  14:29  Zergling x2  
  166  14:30  Zergling x20  
  190  15:06  Hatchery  
  177  15:09  Hatchery  
  140  15:24  Zergling x2  
  140  15:25  Zergling x18  
  144  15:32  Overseer  
  126  15:56  Mutalisk  
  111  16:20  Baneling  
  111  16:21  Baneling x5  
  56  16:50  Zergling x2  
  56  16:51  Zergling x6  
  56  17:02  Mutalisk  
  56  17:07  Overlord x2  
Show
View Real Time Build Order
Export as new Build Order

ignite Terran - Winner!

Build Orders: Reaper Expand, Bio Mine 

Get SALT Encoding   

  12  0:01  SCV  
  13  0:13  SCV  
  14  0:18  Supply Depot  
  14  0:25  SCV  
  15  0:40  Barracks, SCV  
  16  0:45  Refinery  
  16  0:52  SCV  
  17  1:04  SCV  
  18  1:16  SCV  
  19  1:28  Orbital Command  
  19  1:29  Reaper  
  20  1:50  Command Center  
  20  1:54  SCV  
  21  2:03  Reaper  
  21  2:06  SCV  
  21  2:08  Supply Depot  
  24  2:30  SCV  
  24  2:38  Command Center  
  24  2:42  SCV  
  25  2:48  Barracks Reactor  
  25  2:53  Factory  
  25  2:54  SCV  
  26  3:05  Orbital Command  
  26  3:12  SCV  
  27  3:24  SCV  
  28  3:31  SCV  
  29  3:39  SCV  
  30  3:42  Barracks Tech Lab  
  30  3:45  SCV  
  30  3:47  Refinery  
  31  3:50  Hellion x2  
  31  3:51  Orbital Command  
  31  3:52  SCV  
  36  3:57  SCV  
  36  4:01  Marine  
  36  4:02  Stimpack  
  38  4:04  SCV  
  38  4:09  SCV  
  40  4:11  Hellion x2  
  44  4:17  SCV  
  44  4:19  Marine  
  44  4:20  SCV  
  44  4:23  SCV  
  48  4:30  SCV  
  49  4:33  Hellion x2  
  53  4:39  SCV x2  
  53  4:42  Marine, SCV  
  53  4:51  SCV  
  53  4:52  Refinery x2  
  54  4:54  Engineering Bay, Orbital Command  
  54  4:56  Engineering Bay  
  54  5:01  SCV  
  54  5:04  Marine  
  56  5:11  Barracks, SCV  
  56  5:13  Factory Reactor  
  56  5:14  Barracks  
  57  5:15  SCV  
  57  5:20  SCV  
  57  5:23  Marine  
  57  5:26  SCV  
  59  5:30  SCV  
  59  5:33  Terran Infantry Weapons Level 1, Terran Infantry Armor Level 1  
  59  5:34  Supply Depot x2, SCV  
  59  5:35  Supply Depot  
  61  5:36  Bunker  
  61  5:38  SCV  
  61  5:42  Marine, SCV  
  64  5:47  SCV  
  65  5:50  SCV  
  65  5:55  SCV  
  67  5:57  Supply Depot  
  67  5:59  SCV  
  67  6:02  Factory Reactor, Starport  
  67  6:03  Combat Shields  
  68  6:05  Marine x3, Supply Depot  
  68  6:06  Barracks, Marine x2, Supply Depot  
  68  6:07  Barracks, SCV x2  
  75  6:12  SCV  
  76  6:20  SCV x2  
  78  6:26  Marine x5  
  78  6:28  SCV  
  78  6:31  Supply Depot  
  84  6:32  Supply Depot  
  84  6:33  Missile Turret  
  84  6:34  Armory, Missile Turret  
  84  6:35  SCV x2  
  84  6:37  Supply Depot  
  86  6:43  Marine  
  86  6:44  SCV  
  88  6:47  SCV  
  88  6:48  Marine x3  
  92  6:56  Factory Reactor, Barracks Reactor  
  92  6:57  Barracks Reactor  
  92  6:58  Medivac x2  
  96  7:03  Refinery  
  96  7:04  Command Center  
  96  7:07  Marine x4, Supply Depot  
  96  7:08  Marine, Supply Depot  
  101  7:09  Supply Depot  
  101  7:22  Factory  
  101  7:24  Barracks  
  101  7:28  Barracks  
  101  7:30  Barracks  
  101  7:33  Missile Turret  
  97  7:37  Marine x3  
  97  7:39  Marine x4  
  97  7:42  Widow Mine x2  
  104  7:50  Marine x2  
  106  7:55  Marine x3  
  106  7:56  Marine  
  109  7:59  Marine  
  109  8:00  Marine x2  
  109  8:04  Medivac x2  
  114  8:06  Terran Infantry Armor Level 2, Supply Depot, Terran Infantry Weapons Level 2  
  114  8:08  Marine  
  114  8:11  Widow Mine  
  117  8:15  Factory Tech Lab  
  117  8:24  Marine x2, Barracks Tech Lab x3  
  117  8:25  Marine x2  
  121  8:30  Marine x5  
  121  8:31  Widow Mine  
  121  8:32  Command Center  
  128  8:34  Widow Mine  
  128  8:35  Drilling Claws  
  130  8:43  Widow Mine  
  130  8:44  Marine x4  
  130  8:45  Marine x3  
  130  8:48  Marine  
  140  8:53  Marine x3  
  140  8:54  Marine  
  144  9:02  Marine x2  
  146  9:05  Marine x2, Widow Mine x2  
  152  9:13  Widow Mine  
  153  9:17  Missile Turret  
  153  9:20  Marine x4  
  153  9:23  Marine x2  
  153  9:24  Marine x4, Marauder  
  162  9:25  Medivac x2  
  169  9:36  Widow Mine x2  
  173  9:42  Widow Mine  
  173  9:44  Marine x2  
  175  9:51  Marine x4  
  170  9:52  Barracks Tech Lab  
  167  10:00  Marine x2  
  167  10:04  Widow Mine x2  
  169  10:14  Medivac x2  
  168  10:17  SCV x2  
  164  10:27  Marine  
  164  10:28  Marine x6  
  144  10:29  Widow Mine  
  144  10:32  Marine x3  
  144  10:33  Widow Mine  
  141  10:38  Command Center  
  139  10:46  SCV x3  
  139  10:49  SCV  
  143  10:50  Widow Mine  
  143  10:52  Medivac x2  
  143  10:53  Marine x2  
  143  10:54  Marine  
  143  10:55  Marine x3  
  155  11:08  Marine x4  
  156  11:14  Marine x2  
  156  11:15  Missile Turret x2, Marine  
  156  11:16  Missile Turret, Widow Mine x2  
  163  11:21  Widow Mine  
  164  11:29  Supply Depot  
  164  11:31  Marine x4, Medivac x2  
  164  11:32  Marine  
  172  11:34  Planetary Fortress  
  172  11:44  Command Center, Marine x2  
  174  11:50  Marine x3  
  177  11:58  Marine x3  
  177  12:00  Widow Mine x2  
  184  12:08  Marine x3  
  184  12:09  Marine  
  188  12:21  Marine  
  187  12:27  Marine  
  187  12:28  Widow Mine  
  187  12:29  Marine  
  188  12:37  Marine  
  188  12:50  Marine  
  188  12:54  Terran Infantry Weapons Level 3  
  188  12:55  Widow Mine x2  
  188  12:56  Marine x7  
  199  13:01  Missile Turret  
  199  13:03  Marine  
  200  13:10  Marine  
  193  13:26  Marine x3  
  193  13:27  Widow Mine  
  193  13:31  Command Center  
  193  13:55  Command Center, Terran Infantry Armor Level 3  
  191  13:58  Command Center  
  191  14:01  Barracks Reactor  
  191  14:02  Barracks Reactor  
  191  14:07  Barracks  
  188  14:27  Marine x2  
  188  14:34  Supply Depot  
  188  14:47  Marine  
  188  14:48  Marine x4, Widow Mine  
  188  14:49  Marine x2  
  188  14:50  Marine  
  188  15:06  Medivac x2, Marine x10, Widow Mine x2  
  194  15:08  Marine  
  178  15:16  Widow Mine  
  164  15:24  Marine, Marauder  
  164  15:25  Marauder x2, Marine  
  164  15:26  Marine  
  168  15:34  Widow Mine x2  
  164  15:45  Widow Mine  
  164  15:46  Marauder x3  
  155  15:55  Marine  
  155  15:56  Marine  
  149  16:07  Marauder x3  
  124  16:19  Marine x4  
  124  16:20  Marine x2  
  129  16:31  Marine x3  
  121  16:43  Marine x2  
  121  16:44  Marine  
Tags
 
Add a new tag
Caveats
  • Supply blocks, unpowered buildings, or Contaminate may cause inaccurate times.
  • Supply counts are checked every 10 seconds.